[ PARTIDA AOE2 · #457636044 ]
Team RMIndostaníes vs Mongols
[ ANÁLISIS DE REPETICIÓN · EXTRAÍDO DE LA PARTIDA GRABADA ]
Feudal
11:28
Castillos
15:59
Imperial
35:02
| APM promedio | 29.8 |
| APM pico | 57 |
| eAPM promedio | 20.7 |
| Aldeanos / militares | 137 / 720 |
Foco
⚔️ 55.1% · 🌾 44.9%
Spearman ×244 · Skirmisher ×187 · Camel Scout ×161 · Scout Cavalry ×112 · Trade Cart ×25 · Trebuchet (Packed) ×10
Feudal
11:07
Castillos
17:07
Imperial
33:02
| APM promedio | 17.9 |
| APM pico | 51 |
| eAPM promedio | 13.3 |
| Aldeanos / militares | 165 / 802 |
Foco
⚔️ 35.0% · 🌾 65.0%
Militia ×247 · Spearman ×225 · Archer ×178 · Skirmisher ×90 · Berserk ×40 · Trade Cart ×23
Feudal
9:22
Castillos
17:43
Imperial
41:30
| APM promedio | 32.9 |
| APM pico | 82 |
| eAPM promedio | 14.9 |
| Aldeanos / militares | 145 / 383 |
Foco
⚔️ 40.1% · 🌾 59.9%
Conquistador ×156 · Scout Cavalry ×140 · Skirmisher ×65 · Mangonel ×10 · Bombard Cannon ×6 · Trebuchet (Packed) ×3
Feudal
10:38
Castillos
21:33
Imperial
38:35
| APM promedio | 35.8 |
| APM pico | 74 |
| eAPM promedio | 17.4 |
| Aldeanos / militares | 146 / 510 |
Foco
⚔️ 38.6% · 🌾 61.4%
Scout Cavalry ×340 · Cavalry Archer ×116 · Bombard Cannon ×23 · Janissary ×19 · Trade Cart ×16 · Monk ×7
Feudal
11:12
Castillos
17:54
Imperial
31:27
| APM promedio | 28.7 |
| APM pico | 85 |
| eAPM promedio | 13.5 |
| Aldeanos / militares | 136 / 958 |
Foco
⚔️ 43.1% · 🌾 56.9%
Scout Cavalry ×723 · Tarkan ×225 · Trade Cart ×50 · Trebuchet (Packed) ×4 · Knight ×4 · Spearman ×2
Feudal
11:01
Castillos
14:41
Imperial
31:24
| APM promedio | 39.9 |
| APM pico | 83 |
| eAPM promedio | 19.7 |
| Aldeanos / militares | 138 / 694 |
Foco
⚔️ 34.3% · 🌾 65.7%
Scout Cavalry ×454 · Mangudai ×156 · Battering Ram ×39 · Scorpion ×30 · Trade Cart ×27 · Mangonel ×9
Mapa de la partida
Recursos al inicio + cada clic de construcción. Línea gruesa = muro · recuadro discontinuo = muro de casas detectado. 🟡 oro · ⚪ piedra · 🟢 bayas · 🔶 jabalí · ⭕ reliquia
Inputs por minuto
— ap-chappy - - rakosnikk
Build order — ap-chappy
Primeras 150 de 981 acciones detectadas
| 0:01 | Crear | Villager (Male) |
| 0:01 | Crear | Villager (Male) |
| 0:05 | Construir | House |
| 0:06 | Construir | House |
| 0:35 | Crear | Villager (Male) |
| 0:37 | Crear | Villager (Male) |
| 1:10 | Crear | Villager (Male) |
| 1:37 | Crear | Villager (Male) |
| 2:04 | Crear | Villager (Male) |
| 2:41 | Crear | Villager (Male) |
| 2:54 | Crear | Villager (Male) |
| 3:04 | Construir | Lumber Camp |
| 3:08 | Construir | House |
| 3:29 | Crear | Villager (Male) |
| 3:29 | Crear | Villager (Male) |
| 3:43 | Crear | Villager (Male) |
| 3:51 | Construir | House |
| 4:21 | Crear | Villager (Male) |
| 4:41 | Crear | Villager (Male) |
| 5:11 | Crear | Villager (Male) |
| 5:16 | Construir | Palisade Wall |
| 5:19 | Construir | Palisade Gate |
| 5:32 | Crear | Villager (Male) |
| 5:54 | Crear | Villager (Male) |
| 6:17 | Crear | Villager (Male) |
| 6:26 | Construir | House |
| 6:30 | Construir | Palisade Wall |
| 7:04 | Crear | Villager (Male) |
| 7:11 | Construir | Mill |
| 8:05 | Crear | Villager (Male) |
| 8:50 | Crear | Villager (Male) |
| 9:18 | Investigar | Feudal Age |
| 9:42 | Crear | Villager (Male) |
| 10:22 | Construir | Barracks |
| 11:28 | Edad | Edad Feudal |
| 11:31 | Construir | House |
| 11:35 | Construir | Blacksmith |
| 11:41 | Construir | Stable |
| 11:43 | Crear | Villager (Male) |
| 12:37 | Crear | Villager (Male) |
| 13:03 | Construir | Palisade Wall |
| 13:07 | Construir | Palisade Gate |
| 13:19 | Investigar | Castle Age |
| 13:24 | Investigar | Double-Bit Axe |
| 14:02 | Investigar | Horse Collar |
| 14:49 | Crear | Villager (Male) |
| 15:59 | Edad | Edad de los Castillos |
| 16:05 | Construir | Town Center |
| 16:11 | Construir | Town Center |
| 16:19 | Crear | Villager (Male) |
| 16:36 | Construir | Farm |
| 16:43 | Construir | Farm |
| 16:44 | Construir | Farm |
| 16:59 | Crear | Villager (Male) |
| 17:04 | Crear | Villager (Male) |
| 17:09 | Construir | Farm |
| 17:23 | Construir | Farm |
| 17:23 | Construir | Farm |
| 17:29 | Construir | Farm |
| 17:37 | Construir | Farm |
| 17:40 | Construir | Farm |
| 17:56 | Crear | Villager (Male) |
| 18:00 | Construir | Farm |
| 18:06 | Construir | Farm |
| 18:07 | Construir | Farm |
| 18:22 | Construir | Farm |
| 18:25 | Construir | Farm |
| 18:27 | Crear | Villager (Male) |
| 18:32 | Crear | Villager (Male) |
| 18:36 | Construir | Farm |
| 18:42 | Construir | Farm |
| 18:49 | Crear | Villager (Male) |
| 18:56 | Construir | Farm |
| 19:02 | Construir | Farm |
| 19:04 | Crear | Villager (Male) |
| 19:05 | Crear | Villager (Male) |
| 19:13 | Construir | Farm |
| 19:17 | Crear | Villager (Male) |
| 19:28 | Construir | Farm |
| 19:32 | Crear | Villager (Male) |
| 19:34 | Crear | Villager (Male) |
| 19:44 | Construir | Farm |
| 19:47 | Crear | Villager (Male) |
| 19:52 | Construir | Farm |
| 19:55 | Crear | Villager (Male) |
| 19:57 | Crear | Villager (Male) |
| 20:14 | Crear | Villager (Male) |
| 20:25 | Construir | House |
| 20:26 | Construir | House |
| 20:27 | Construir | House |
| 20:30 | Construir | House |
| 20:32 | Construir | House |
| 20:35 | Investigar | Bow Saw |
| 20:43 | Construir | Farm |
| 20:48 | Crear | Villager (Male) |
| 20:48 | Crear | Villager (Male) |
| 20:48 | Crear | Villager (Male) |
| 21:06 | Crear | Villager (Male) |
| 21:12 | Crear | Villager (Male) |
| 21:16 | Investigar | Heavy Plow |
| 21:34 | Investigar | Wheelbarrow |
| 21:49 | Construir | Farm |
| 21:49 | Construir | Farm |
| 21:50 | Construir | Farm |
| 21:51 | Construir | Farm |
| 21:54 | Construir | Farm |
| 21:57 | Construir | Farm |
| 21:59 | Construir | Farm |
| 22:05 | Crear | Villager (Male) |
| 22:05 | Crear | Villager (Male) |
| 22:17 | Crear | Villager (Male) |
| 22:19 | Crear | Camel Scout |
| 22:24 | Crear | Villager (Male) |
| 22:30 | Crear | Villager (Male) |
| 22:34 | Investigar | Loom |
| 22:41 | Crear | Villager (Male) |
| 22:45 | Construir | Mining Camp |
| 22:47 | Crear | Villager (Male) |
| 22:59 | Crear | Villager (Male) |
| 23:06 | Crear | Villager (Male) |
| 23:14 | Investigar | Hand Cart |
| 23:16 | Crear | Villager (Male) |
| 23:26 | Construir | Stable |
| 23:28 | Construir | Stable |
| 23:35 | Crear | Villager (Male) |
| 23:39 | Investigar | Scale Barding Armor |
| 23:43 | Crear | Camel Scout |
| 23:47 | Crear | Villager (Male) |
| 23:59 | Investigar | Gold Mining |
| 23:59 | Investigar | Stone Mining |
| 24:06 | Investigar | Town Watch |
| 24:14 | Crear | Villager (Male) |
| 24:31 | Investigar | Husbandry |
| 24:41 | Construir | Archery Range |
| 24:42 | Construir | Archery Range |
| 24:54 | Crear | Villager (Male) |
| 25:02 | Crear | Camel Scout |
| 25:11 | Crear | Villager (Male) |
| 25:12 | Crear | Villager (Male) |
| 25:38 | Crear | Villager (Male) |
| 25:39 | Crear | Villager (Male) |
| 25:47 | Crear | Villager (Male) |
| 25:53 | Construir | House |
| 25:55 | Construir | House |
| 26:04 | Construir | House |
| 26:07 | Construir | House |
| 26:13 | Crear | Camel Scout |
| 26:16 | Crear | Villager (Male) |
| 26:16 | Crear | Villager (Male) |
| 26:16 | Crear | Villager (Male) |
Build order — rakosnikk
Primeras 150 de 595 acciones detectadas
| 0:02 | Construir | House |
| 0:03 | Construir | House |
| 0:05 | Crear | Villager (Male) |
| 0:05 | Crear | Villager (Male) |
| 0:06 | Crear | Villager (Male) |
| 0:06 | Crear | Villager (Male) |
| 0:06 | Crear | Villager (Male) |
| 1:32 | Crear | Villager (Male) |
| 1:50 | Construir | Lumber Camp |
| 2:08 | Construir | Palisade Wall |
| 2:17 | Crear | Villager (Male) |
| 2:55 | Crear | Villager (Male) |
| 3:12 | Crear | Villager (Male) |
| 3:27 | Construir | Building 804 |
| 3:41 | Crear | Villager (Male) |
| 4:25 | Crear | Villager (Male) |
| 4:54 | Crear | Villager (Male) |
| 5:31 | Crear | Villager (Male) |
| 5:34 | Construir | House |
| 5:36 | Construir | House |
| 6:49 | Construir | Mill |
| 7:00 | Crear | Villager (Male) |
| 7:21 | Crear | Villager (Male) |
| 7:57 | Crear | Villager (Male) |
| 8:32 | Crear | Villager (Male) |
| 8:48 | Investigar | Feudal Age |
| 8:58 | Construir | Barracks |
| 10:48 | Construir | Mining Camp |
| 11:07 | Edad | Edad Feudal |
| 11:24 | Crear | Villager (Male) |
| 11:24 | Crear | Villager (Male) |
| 11:25 | Crear | Villager (Male) |
| 11:35 | Construir | Archery Range |
| 11:39 | Construir | Blacksmith |
| 11:53 | Construir | Farm |
| 12:01 | Construir | House |
| 12:22 | Construir | Farm |
| 12:25 | Crear | Villager (Male) |
| 12:44 | Construir | Farm |
| 13:08 | Crear | Villager (Male) |
| 13:38 | Construir | Farm |
| 14:27 | Investigar | Castle Age |
| 14:55 | Investigar | Double-Bit Axe |
| 15:05 | Construir | Farm |
| 15:52 | Construir | Lumber Camp |
| 17:07 | Edad | Edad de los Castillos |
| 17:22 | Construir | Town Center |
| 17:27 | Crear | Villager (Male) |
| 17:27 | Crear | Villager (Male) |
| 17:28 | Crear | Villager (Male) |
| 17:28 | Crear | Villager (Male) |
| 17:45 | Investigar | Crossbowman (upgrade) |
| 17:58 | Construir | House |
| 18:02 | Construir | House |
| 18:10 | Construir | Stone Wall |
| 18:26 | Construir | Farm |
| 18:31 | Crear | Villager (Male) |
| 18:31 | Crear | Villager (Male) |
| 18:31 | Crear | Villager (Male) |
| 18:32 | Crear | Villager (Male) |
| 18:38 | Crear | Archer |
| 18:38 | Crear | Archer |
| 18:38 | Crear | Archer |
| 19:01 | Construir | Farm |
| 19:04 | Crear | Villager (Male) |
| 19:05 | Crear | Villager (Male) |
| 19:08 | Crear | Villager (Male) |
| 19:08 | Crear | Villager (Male) |
| 19:17 | Crear | Villager (Male) |
| 19:17 | Crear | Villager (Male) |
| 19:25 | Construir | Farm |
| 19:41 | Construir | Farm |
| 19:48 | Construir | Farm |
| 19:50 | Crear | Villager (Male) |
| 19:51 | Crear | Villager (Male) |
| 20:01 | Construir | Farm |
| 20:04 | Crear | Villager (Male) |
| 20:26 | Construir | Building 673 |
| 20:30 | Construir | Farm |
| 20:39 | Crear | Villager (Male) |
| 20:40 | Crear | Villager (Male) |
| 20:47 | Crear | Archer |
| 20:52 | Construir | Farm |
| 20:59 | Investigar | Fletching |
| 21:04 | Construir | Farm |
| 21:16 | Construir | Farm |
| 21:18 | Investigar | Horse Collar |
| 21:31 | Construir | Farm |
| 21:35 | Construir | House |
| 21:39 | Construir | House |
| 21:44 | Construir | House |
| 21:45 | Construir | House |
| 21:49 | Construir | Farm |
| 21:50 | Crear | Villager (Male) |
| 21:50 | Crear | Villager (Male) |
| 21:54 | Crear | Villager (Male) |
| 21:54 | Crear | Villager (Male) |
| 21:59 | Investigar | Loom |
| 22:07 | Construir | Farm |
| 22:13 | Construir | Farm |
| 22:14 | Crear | Villager (Male) |
| 22:17 | Crear | Villager (Male) |
| 22:17 | Crear | Villager (Male) |
| 22:23 | Construir | Mining Camp |
| 22:38 | Construir | Lumber Camp |
| 22:46 | Construir | Farm |
| 22:47 | Crear | Villager (Male) |
| 22:47 | Crear | Villager (Male) |
| 22:48 | Crear | Villager (Male) |
| 22:50 | Crear | Villager (Male) |
| 22:50 | Crear | Villager (Male) |
| 22:51 | Crear | Villager (Male) |
| 22:55 | Construir | Farm |
| 23:24 | Construir | Farm |
| 23:36 | Construir | House |
| 23:37 | Construir | House |
| 23:38 | Construir | House |
| 23:45 | Investigar | Bow Saw |
| 23:48 | Construir | Farm |
| 23:54 | Crear | Villager (Male) |
| 23:55 | Crear | Villager (Male) |
| 24:09 | Investigar | Heavy Plow |
| 24:15 | Crear | Villager (Male) |
| 24:15 | Crear | Villager (Male) |
| 24:17 | Crear | Villager (Male) |
| 24:17 | Crear | Villager (Male) |
| 24:22 | Investigar | Gold Mining |
| 24:38 | Crear | Archer |
| 24:38 | Crear | Archer |
| 24:38 | Crear | Archer |
| 24:40 | Crear | Archer |
| 24:41 | Crear | Archer |
| 24:47 | Investigar | Bodkin Arrow |
| 25:20 | Crear | Villager (Male) |
| 25:23 | Crear | Villager (Male) |
| 25:38 | Construir | Town Center |
| 25:42 | Construir | Mining Camp |
| 25:44 | Crear | Villager (Male) |
| 25:44 | Crear | Villager (Male) |
| 25:49 | Crear | Villager (Male) |
| 25:49 | Crear | Villager (Male) |
| 25:50 | Crear | Villager (Male) |
| 25:56 | Investigar | Gold Shaft Mining |
| 25:56 | Investigar | Stone Mining |
| 25:58 | Construir | Farm |
| 26:10 | Crear | Villager (Male) |
| 26:11 | Crear | Villager (Male) |
| 26:15 | Construir | Lumber Camp |
| 26:45 | Construir | Farm |
| 26:45 | Construir | Farm |
Build order — koyomi
Primeras 150 de 479 acciones detectadas
| 0:02 | Investigar | Loom |
| 0:02 | Crear | Villager (Male) |
| 0:03 | Crear | Villager (Male) |
| 0:03 | Crear | Villager (Male) |
| 0:04 | Construir | House |
| 0:06 | Construir | House |
| 0:40 | Crear | Villager (Male) |
| 1:41 | Crear | Villager (Male) |
| 2:32 | Crear | Villager (Male) |
| 2:32 | Crear | Villager (Male) |
| 3:18 | Crear | Villager (Male) |
| 3:30 | Crear | Villager (Male) |
| 3:52 | Construir | Lumber Camp |
| 4:06 | Crear | Villager (Male) |
| 4:25 | Crear | Villager (Male) |
| 5:24 | Construir | Mill |
| 5:30 | Crear | Villager (Male) |
| 5:31 | Crear | Villager (Male) |
| 5:31 | Crear | Villager (Male) |
| 5:38 | Construir | House |
| 6:21 | Crear | Villager (Male) |
| 6:22 | Crear | Villager (Male) |
| 6:58 | Crear | Villager (Male) |
| 7:12 | Investigar | Feudal Age |
| 7:50 | Crear | Villager (Male) |
| 8:02 | Construir | Mining Camp |
| 8:05 | Crear | Villager (Male) |
| 9:09 | Crear | Villager (Male) |
| 9:22 | Edad | Edad Feudal |
| 9:30 | Construir | Market |
| 9:48 | Construir | Blacksmith |
| 10:03 | Crear | Villager (Male) |
| 10:17 | Construir | Palisade Gate |
| 10:31 | Construir | House |
| 10:49 | Crear | Villager (Male) |
| 11:20 | Crear | Villager (Male) |
| 11:34 | Construir | Mill |
| 11:37 | Crear | Villager (Male) |
| 11:48 | Construir | House |
| 11:53 | Crear | Villager (Male) |
| 12:28 | Crear | Villager (Male) |
| 12:37 | Construir | House |
| 12:59 | Crear | Villager (Male) |
| 13:59 | Crear | Villager (Male) |
| 14:11 | Construir | Mining Camp |
| 14:32 | Construir | Stone Wall |
| 14:37 | Crear | Villager (Male) |
| 14:38 | Crear | Villager (Male) |
| 15:03 | Investigar | Castle Age |
| 15:40 | Crear | Villager (Male) |
| 15:51 | Construir | House |
| 16:34 | Investigar | Horse Collar |
| 17:34 | Construir | Farm |
| 17:34 | Construir | Farm |
| 17:35 | Construir | Farm |
| 17:43 | Edad | Edad de los Castillos |
| 17:47 | Crear | Villager (Male) |
| 17:47 | Crear | Villager (Male) |
| 18:05 | Construir | Farm |
| 18:25 | Construir | Castle |
| 18:37 | Construir | Building 487 |
| 18:48 | Construir | Castle |
| 18:51 | Construir | Farm |
| 18:52 | Crear | Villager (Male) |
| 18:52 | Crear | Villager (Male) |
| 19:05 | Crear | Villager (Male) |
| 20:00 | Construir | Lumber Camp |
| 20:06 | Construir | Farm |
| 20:16 | Crear | Conquistador |
| 20:24 | Crear | Villager (Male) |
| 20:39 | Construir | Farm |
| 20:54 | Crear | Conquistador |
| 21:02 | Construir | Farm |
| 21:17 | Construir | Farm |
| 21:18 | Crear | Villager (Male) |
| 21:30 | Crear | Conquistador |
| 21:31 | Crear | Villager (Male) |
| 21:42 | Construir | Farm |
| 21:45 | Investigar | Double-Bit Axe |
| 21:51 | Crear | Villager (Male) |
| 21:54 | Construir | Farm |
| 22:04 | Crear | Conquistador |
| 22:27 | Crear | Villager (Male) |
| 22:34 | Construir | Farm |
| 22:39 | Construir | Farm |
| 22:42 | Crear | Villager (Male) |
| 22:57 | Crear | Conquistador |
| 23:04 | Construir | Mill |
| 23:20 | Construir | Farm |
| 23:30 | Construir | Town Center |
| 23:38 | Crear | Villager (Male) |
| 23:42 | Crear | Conquistador |
| 24:02 | Construir | Building 487 |
| 24:07 | Crear | Conquistador |
| 24:12 | Crear | Villager (Male) |
| 24:32 | Crear | Villager (Male) |
| 24:38 | Crear | Conquistador |
| 24:49 | Crear | Villager (Male) ×2 |
| 24:49 | Crear | Villager (Male) ×2 |
| 24:53 | Construir | Farm |
| 24:54 | Construir | Farm |
| 24:55 | Construir | Farm |
| 24:56 | Construir | Farm |
| 24:57 | Construir | Farm |
| 25:05 | Crear | Conquistador |
| 25:16 | Crear | Villager (Male) |
| 25:32 | Crear | Villager (Male) |
| 25:38 | Construir | Mill |
| 25:39 | Construir | Farm |
| 25:41 | Construir | Farm |
| 25:47 | Construir | Farm |
| 26:03 | Crear | Conquistador |
| 26:03 | Crear | Conquistador |
| 26:17 | Crear | Villager (Male) |
| 26:17 | Crear | Villager (Male) |
| 26:17 | Crear | Villager (Male) |
| 26:31 | Investigar | Padded Archer Armor |
| 26:31 | Investigar | Padded Archer Armor |
| 27:34 | Crear | Villager (Male) ×5 |
| 27:40 | Construir | Farm |
| 27:41 | Construir | Farm |
| 27:44 | Construir | Farm |
| 27:45 | Construir | Farm |
| 27:45 | Crear | Conquistador |
| 27:46 | Crear | Conquistador |
| 27:54 | Construir | Monastery |
| 28:00 | Construir | Barracks |
| 28:41 | Construir | House |
| 28:56 | Construir | House |
| 29:00 | Crear | Monk |
| 29:03 | Crear | Conquistador |
| 29:03 | Crear | Conquistador |
| 29:03 | Crear | Conquistador |
| 29:11 | Construir | House |
| 29:12 | Construir | House |
| 29:20 | Crear | Villager (Male) |
| 29:20 | Crear | Villager (Male) |
| 29:21 | Investigar | Heavy Plow |
| 29:24 | Investigar | Leather Archer Armor |
| 29:39 | Crear | Monk |
| 30:48 | Construir | Town Center |
| 30:49 | Crear | Conquistador |
| 30:49 | Crear | Conquistador |
| 30:50 | Crear | Conquistador |
| 30:50 | Crear | Conquistador |
| 30:50 | Crear | Conquistador |
| 31:04 | Construir | Stable |
| 31:09 | Crear | Villager (Male) |
| 31:10 | Crear | Villager (Male) |
| 31:10 | Crear | Villager (Male) |
Build order — Deathiscoming
Primeras 150 de 676 acciones detectadas
| 0:01 | Crear | Villager (Male) |
| 0:01 | Crear | Villager (Male) |
| 0:02 | Crear | Villager (Male) |
| 0:02 | Crear | Villager (Male) |
| 0:03 | Construir | House |
| 0:05 | Construir | House |
| 1:26 | Crear | Villager (Male) |
| 1:27 | Crear | Villager (Male) |
| 1:27 | Crear | Villager (Male) |
| 1:50 | Crear | Villager (Male) |
| 1:51 | Crear | Villager (Male) |
| 1:55 | Construir | Lumber Camp |
| 2:17 | Crear | Villager (Male) |
| 2:17 | Crear | Villager (Male) |
| 2:43 | Crear | Villager (Male) |
| 2:43 | Crear | Villager (Male) |
| 2:43 | Crear | Villager (Male) |
| 3:01 | Construir | House |
| 3:21 | Crear | Villager (Male) |
| 3:22 | Crear | Villager (Male) |
| 3:51 | Crear | Villager (Male) |
| 4:01 | Construir | House |
| 4:16 | Crear | Villager (Male) |
| 4:17 | Crear | Villager (Male) |
| 4:25 | Construir | Mill |
| 4:26 | Crear | Villager (Male) |
| 4:26 | Crear | Villager (Male) |
| 4:56 | Construir | Palisade Wall |
| 5:00 | Construir | Palisade Wall |
| 5:05 | Crear | Villager (Male) |
| 5:06 | Crear | Villager (Male) |
| 5:09 | Construir | House |
| 5:26 | Crear | Villager (Male) |
| 5:27 | Crear | Villager (Male) |
| 5:57 | Crear | Villager (Male) |
| 6:04 | Crear | Villager (Male) |
| 6:15 | Construir | Palisade Wall |
| 6:18 | Construir | Building 796 |
| 6:26 | Construir | Mill |
| 6:35 | Crear | Villager (Male) |
| 6:35 | Crear | Villager (Male) |
| 8:00 | Investigar | Loom |
| 8:16 | Construir | Barracks |
| 8:28 | Investigar | Feudal Age |
| 9:42 | Crear | Villager (Male) |
| 9:43 | Crear | Villager (Male) |
| 10:02 | Construir | House |
| 10:38 | Edad | Edad Feudal |
| 10:41 | Construir | Stable |
| 10:47 | Investigar | Double-Bit Axe |
| 10:48 | Crear | Villager (Male) |
| 11:08 | Construir | House |
| 11:16 | Crear | Scout Cavalry |
| 11:16 | Crear | Scout Cavalry |
| 11:16 | Crear | Scout Cavalry |
| 11:50 | Crear | Scout Cavalry |
| 11:51 | Crear | Villager (Male) |
| 11:57 | Construir | Blacksmith |
| 12:14 | Crear | Villager (Male) |
| 12:14 | Crear | Villager (Male) |
| 12:30 | Crear | Villager (Male) |
| 12:35 | Construir | Lumber Camp |
| 12:53 | Crear | Scout Cavalry |
| 13:20 | Crear | Scout Cavalry |
| 14:25 | Crear | Villager (Male) |
| 14:25 | Crear | Villager (Male) |
| 14:27 | Crear | Scout Cavalry |
| 14:27 | Crear | Scout Cavalry |
| 14:39 | Crear | Villager (Male) |
| 14:49 | Construir | Farm |
| 14:50 | Investigar | Horse Collar |
| 14:53 | Construir | Farm |
| 14:54 | Construir | Farm |
| 14:55 | Construir | Farm |
| 14:57 | Construir | Farm |
| 14:59 | Construir | Farm |
| 15:00 | Construir | Farm |
| 15:01 | Construir | Farm |
| 15:02 | Construir | Farm |
| 15:04 | Construir | Farm |
| 15:50 | Crear | Villager (Male) |
| 16:06 | Crear | Villager (Male) |
| 16:20 | Construir | House |
| 16:23 | Investigar | Town Watch |
| 16:32 | Construir | Mining Camp |
| 16:36 | Crear | Villager (Male) |
| 16:36 | Crear | Villager (Male) |
| 16:38 | Crear | Villager (Male) |
| 16:40 | Construir | House |
| 16:45 | Construir | Farm |
| 16:45 | Construir | Farm |
| 16:48 | Construir | Farm |
| 17:30 | Crear | Villager (Male) |
| 17:31 | Crear | Villager (Male) |
| 17:45 | Construir | Market |
| 18:13 | Construir | Farm |
| 18:18 | Construir | Farm |
| 18:47 | Investigar | Castle Age |
| 18:54 | Construir | Farm |
| 18:57 | Construir | Farm |
| 19:07 | Construir | Mining Camp |
| 19:24 | Investigar | Bloodlines |
| 20:12 | Construir | Mining Camp |
| 20:20 | Investigar | Gold Mining |
| 20:29 | Investigar | Fletching |
| 20:32 | Construir | Archery Range |
| 20:39 | Investigar | Padded Archer Armor |
| 21:06 | Investigar | Wheelbarrow |
| 21:13 | Investigar | Wheelbarrow |
| 21:19 | Investigar | Wheelbarrow |
| 21:33 | Edad | Edad de los Castillos |
| 21:36 | Construir | Town Center |
| 21:44 | Investigar | Bow Saw |
| 21:44 | Crear | Villager (Male) |
| 21:53 | Crear | Cavalry Archer |
| 21:53 | Crear | Cavalry Archer |
| 21:55 | Crear | Scout Cavalry |
| 21:58 | Investigar | Husbandry |
| 22:04 | Crear | Scout Cavalry |
| 22:19 | Investigar | Bodkin Arrow |
| 22:32 | Crear | Cavalry Archer |
| 22:34 | Crear | Villager (Male) |
| 22:34 | Crear | Villager (Male) |
| 23:03 | Crear | Villager (Male) |
| 23:03 | Crear | Villager (Male) |
| 23:11 | Construir | Monastery |
| 23:16 | Crear | Cavalry Archer |
| 23:21 | Crear | Villager (Male) |
| 23:21 | Crear | Villager (Male) |
| 23:43 | Crear | Villager (Male) |
| 23:43 | Crear | Villager (Male) |
| 23:54 | Crear | Cavalry Archer |
| 23:54 | Crear | Cavalry Archer |
| 24:07 | Construir | House |
| 24:09 | Construir | House |
| 24:12 | Crear | Villager (Male) |
| 24:26 | Investigar | Hand Cart |
| 24:27 | Crear | Villager (Male) |
| 24:27 | Crear | Villager (Male) |
| 24:39 | Crear | Monk |
| 24:46 | Crear | Cavalry Archer |
| 24:55 | Construir | Archery Range |
| 25:02 | Construir | Castle |
| 25:09 | Crear | Villager (Male) |
| 25:09 | Crear | Villager (Male) |
| 25:13 | Crear | Cavalry Archer |
| 25:16 | Investigar | Leather Archer Armor |
| 25:31 | Crear | Cavalry Archer |
| 25:45 | Crear | Villager (Male) |
| 25:45 | Crear | Villager (Male) |
Build order — Gaody
Primeras 150 de 535 acciones detectadas
| 0:05 | Crear | Villager (Male) |
| 0:05 | Crear | Villager (Male) |
| 0:05 | Crear | Villager (Male) |
| 0:05 | Crear | Villager (Male) |
| 0:06 | Crear | Villager (Male) |
| 0:06 | Crear | Villager (Male) |
| 1:16 | Crear | Villager (Male) |
| 1:16 | Crear | Villager (Male) |
| 1:50 | Crear | Villager (Male) |
| 2:07 | Crear | Villager (Male) |
| 2:07 | Crear | Villager (Male) |
| 2:16 | Construir | Lumber Camp |
| 2:42 | Crear | Villager (Male) |
| 2:42 | Crear | Villager (Male) |
| 3:03 | Crear | Villager (Male) |
| 3:03 | Crear | Villager (Male) |
| 3:34 | Construir | Palisade Wall |
| 3:40 | Crear | Villager (Male) |
| 3:41 | Crear | Villager (Male) |
| 3:41 | Crear | Villager (Male) |
| 4:02 | Investigar | Loom |
| 4:26 | Crear | Villager (Male) |
| 4:27 | Crear | Villager (Male) |
| 4:36 | Construir | Building 796 |
| 5:26 | Crear | Villager (Male) |
| 5:27 | Crear | Villager (Male) |
| 5:27 | Crear | Villager (Male) |
| 6:03 | Crear | Villager (Male) |
| 6:44 | Crear | Villager (Male) |
| 6:55 | Construir | Mining Camp |
| 6:57 | Crear | Villager (Male) |
| 7:16 | Construir | Mill |
| 7:19 | Crear | Villager (Male) |
| 8:04 | Crear | Villager (Male) |
| 8:36 | Construir | Barracks |
| 9:02 | Investigar | Feudal Age |
| 9:03 | Investigar | Feudal Age |
| 9:04 | Crear | Villager (Male) |
| 9:41 | Crear | Villager (Male) |
| 11:12 | Edad | Edad Feudal |
| 11:15 | Construir | Farm |
| 11:20 | Construir | Blacksmith |
| 11:48 | Construir | Market |
| 11:53 | Crear | Villager (Male) |
| 12:09 | Construir | Farm |
| 12:24 | Crear | Villager (Male) |
| 12:30 | Construir | Farm |
| 12:51 | Crear | Villager (Male) |
| 13:07 | Crear | Villager (Male) |
| 13:08 | Crear | Villager (Male) |
| 13:31 | Construir | Stone Wall |
| 13:39 | Construir | Building 490 |
| 13:44 | Crear | Villager (Male) |
| 13:51 | Crear | Spearman |
| 13:52 | Crear | Spearman |
| 14:14 | Construir | Archery Range |
| 14:28 | Construir | Farm |
| 14:36 | Construir | Farm |
| 14:38 | Crear | Villager (Male) |
| 15:14 | Investigar | Castle Age |
| 15:17 | Construir | Farm |
| 15:25 | Construir | Mining Camp |
| 15:45 | Construir | Farm |
| 15:48 | Construir | Farm |
| 16:02 | Construir | Archery Range |
| 16:07 | Investigar | Double-Bit Axe |
| 16:10 | Crear | Villager (Male) |
| 16:50 | Crear | Villager (Male) |
| 17:10 | Construir | Farm |
| 17:54 | Edad | Edad de los Castillos |
| 18:05 | Construir | Town Center |
| 18:28 | Construir | Town Center |
| 18:36 | Crear | Villager (Male) |
| 18:38 | Crear | Villager (Male) |
| 19:09 | Crear | Villager (Male) |
| 19:15 | Construir | Farm |
| 19:19 | Investigar | Horse Collar |
| 19:37 | Construir | Town Center |
| 19:41 | Crear | Villager (Male) |
| 19:41 | Crear | Villager (Male) |
| 19:45 | Construir | Farm |
| 19:46 | Crear | Villager (Male) |
| 19:46 | Crear | Villager (Male) |
| 19:48 | Crear | Villager (Male) |
| 19:56 | Crear | Villager (Male) |
| 19:56 | Crear | Villager (Male) |
| 20:14 | Construir | Farm |
| 20:20 | Construir | Farm |
| 20:29 | Construir | Farm |
| 20:37 | Construir | Farm |
| 20:40 | Crear | Villager (Male) |
| 20:40 | Crear | Villager (Male) |
| 20:42 | Crear | Villager (Male) |
| 20:42 | Crear | Villager (Male) |
| 21:04 | Construir | Farm |
| 21:07 | Crear | Villager (Male) |
| 21:10 | Construir | Farm |
| 21:13 | Crear | Villager (Male) |
| 21:15 | Crear | Villager (Male) |
| 21:27 | Construir | Farm |
| 21:35 | Construir | Farm |
| 21:36 | Crear | Villager (Male) |
| 21:38 | Crear | Villager (Male) |
| 21:50 | Construir | Farm |
| 21:54 | Crear | Villager (Male) |
| 21:59 | Construir | Farm |
| 22:05 | Crear | Villager (Male) |
| 22:06 | Crear | Villager (Male) |
| 22:27 | Construir | Farm |
| 22:30 | Construir | Farm |
| 22:33 | Crear | Villager (Male) |
| 22:34 | Crear | Villager (Male) |
| 22:37 | Crear | Villager (Male) |
| 22:41 | Crear | Villager (Male) |
| 22:41 | Crear | Villager (Male) |
| 22:46 | Crear | Villager (Male) |
| 22:50 | Construir | Farm |
| 23:00 | Crear | Villager (Male) |
| 23:05 | Crear | Villager (Male) |
| 23:11 | Construir | Farm |
| 23:14 | Construir | Farm |
| 23:19 | Crear | Villager (Male) |
| 23:26 | Crear | Villager (Male) |
| 23:31 | Crear | Villager (Male) |
| 23:45 | Construir | University |
| 23:47 | Crear | Villager (Male) |
| 23:49 | Crear | Villager (Male) |
| 23:51 | Crear | Villager (Male) |
| 23:52 | Crear | Villager (Male) |
| 23:53 | Crear | Villager (Male) |
| 23:56 | Construir | Farm |
| 23:58 | Crear | Villager (Male) |
| 24:06 | Construir | Farm |
| 24:11 | Crear | Villager (Male) |
| 24:13 | Crear | Villager (Male) |
| 24:31 | Construir | Monastery |
| 24:33 | Crear | Villager (Male) |
| 24:37 | Construir | Farm |
| 24:41 | Crear | Villager (Male) |
| 24:42 | Crear | Villager (Male) |
| 24:43 | Crear | Villager (Male) |
| 24:45 | Crear | Villager (Male) |
| 24:47 | Crear | Villager (Male) |
| 24:56 | Crear | Villager (Male) |
| 25:00 | Crear | Villager (Male) |
| 25:08 | Crear | Villager (Male) |
| 25:18 | Construir | Farm |
| 25:23 | Construir | Farm |
| 25:30 | Construir | Farm |
| 25:31 | Crear | Villager (Male) |
Build order — 嘿,延边!
Primeras 150 de 634 acciones detectadas
| 0:02 | Construir | House |
| 0:03 | Construir | House |
| 0:04 | Crear | Villager (Male) ×4 |
| 0:05 | Crear | Villager (Male) ×4 |
| 1:57 | Crear | Villager (Male) |
| 2:06 | Construir | Lumber Camp |
| 2:23 | Crear | Villager (Male) |
| 2:26 | Investigar | Loom |
| 2:43 | Construir | Palisade Wall |
| 2:51 | Crear | Villager (Male) |
| 2:51 | Crear | Villager (Male) |
| 2:52 | Crear | Villager (Male) |
| 2:58 | Crear | Villager (Male) |
| 3:35 | Crear | Villager (Male) |
| 3:35 | Crear | Villager (Male) |
| 3:35 | Crear | Villager (Male) |
| 3:49 | Construir | Palisade Gate |
| 4:36 | Crear | Villager (Male) |
| 4:37 | Crear | Villager (Male) |
| 4:38 | Crear | Villager (Male) |
| 4:41 | Construir | House |
| 4:46 | Crear | Villager (Male) |
| 4:47 | Crear | Villager (Male) |
| 4:47 | Crear | Villager (Male) |
| 5:22 | Crear | Villager (Male) |
| 5:34 | Construir | Mill |
| 5:41 | Crear | Villager (Male) |
| 5:50 | Crear | Villager (Male) |
| 5:50 | Crear | Villager (Male) |
| 5:58 | Construir | House |
| 6:20 | Crear | Villager (Male) |
| 6:20 | Crear | Villager (Male) |
| 7:49 | Crear | Villager (Male) |
| 7:59 | Construir | Mining Camp |
| 8:00 | Crear | Villager (Male) |
| 8:51 | Investigar | Feudal Age |
| 8:51 | Investigar | Feudal Age |
| 9:34 | Crear | Villager (Male) |
| 9:55 | Crear | Villager (Male) |
| 10:13 | Construir | House |
| 10:42 | Construir | Farm |
| 11:01 | Edad | Edad Feudal |
| 11:04 | Construir | Market |
| 11:28 | Construir | Blacksmith |
| 12:01 | Investigar | Castle Age |
| 12:02 | Investigar | Castle Age |
| 12:18 | Construir | Building 487 |
| 12:23 | Construir | Stone Wall |
| 12:24 | Construir | Stone Wall |
| 12:48 | Construir | Mining Camp |
| 13:11 | Crear | Villager (Male) |
| 13:11 | Crear | Villager (Male) |
| 13:18 | Investigar | Stone Mining |
| 13:33 | Construir | Farm |
| 14:02 | Investigar | Double-Bit Axe |
| 14:25 | Crear | Villager (Male) |
| 14:30 | Construir | Farm |
| 14:41 | Edad | Edad de los Castillos |
| 15:08 | Construir | Farm |
| 15:10 | Construir | Farm |
| 15:13 | Crear | Villager (Male) |
| 15:25 | Crear | Villager (Male) |
| 15:37 | Construir | House |
| 16:03 | Construir | Farm |
| 16:04 | Crear | Villager (Male) |
| 16:30 | Construir | Town Center |
| 16:33 | Crear | Villager (Male) |
| 16:37 | Construir | House |
| 16:40 | Construir | House |
| 16:41 | Construir | House |
| 16:48 | Construir | Farm |
| 16:51 | Crear | Villager (Male) |
| 17:17 | Crear | Villager (Male) |
| 17:31 | Construir | House |
| 17:41 | Construir | Farm |
| 18:04 | Crear | Villager (Male) |
| 18:12 | Crear | Villager (Male) |
| 18:18 | Construir | Castle |
| 18:22 | Construir | Siege Workshop |
| 18:35 | Crear | Villager (Male) |
| 18:55 | Construir | House |
| 19:09 | Crear | Villager (Male) |
| 19:18 | Construir | Farm |
| 19:19 | Crear | Villager (Male) |
| 19:19 | Crear | Villager (Male) |
| 19:25 | Construir | Farm |
| 19:27 | Construir | Farm |
| 19:27 | Construir | Farm |
| 19:33 | Crear | Mangonel |
| 19:47 | Crear | Villager (Male) |
| 19:50 | Construir | Farm |
| 20:12 | Crear | Villager (Male) |
| 20:17 | Construir | Farm |
| 20:17 | Construir | Farm |
| 20:23 | Crear | Villager (Male) |
| 20:34 | Construir | Farm |
| 20:36 | Crear | Villager (Male) |
| 20:42 | Crear | Villager (Male) |
| 20:57 | Construir | Town Center |
| 21:03 | Crear | Villager (Male) |
| 21:03 | Crear | Villager (Male) |
| 21:06 | Construir | Farm |
| 21:09 | Construir | Farm |
| 21:10 | Crear | Villager (Male) |
| 21:22 | Construir | Farm |
| 21:23 | Construir | Farm |
| 21:29 | Crear | Villager (Male) |
| 21:39 | Crear | Villager (Male) |
| 21:49 | Investigar | Horse Collar |
| 21:49 | Investigar | Horse Collar |
| 22:06 | Crear | Villager (Male) |
| 22:06 | Crear | Villager (Male) |
| 22:06 | Crear | Villager (Male) |
| 22:16 | Construir | Farm |
| 22:17 | Construir | Farm |
| 22:19 | Crear | Villager (Male) |
| 22:20 | Crear | Villager (Male) |
| 22:25 | Construir | Farm |
| 22:25 | Construir | Farm |
| 22:26 | Construir | Farm |
| 22:27 | Construir | Farm |
| 22:32 | Crear | Villager (Male) |
| 22:35 | Crear | Villager (Male) |
| 22:54 | Investigar | Bow Saw |
| 23:01 | Crear | Villager (Male) |
| 23:01 | Crear | Villager (Male) |
| 23:02 | Crear | Villager (Male) |
| 23:21 | Crear | Villager (Male) |
| 23:22 | Crear | Villager (Male) |
| 23:24 | Construir | Farm |
| 23:24 | Construir | Farm |
| 23:24 | Construir | Farm |
| 23:24 | Construir | Farm |
| 23:34 | Crear | Villager (Male) |
| 23:35 | Crear | Villager (Male) |
| 23:39 | Construir | Lumber Camp |
| 23:41 | Crear | Villager (Male) |
| 23:46 | Crear | Villager (Male) |
| 23:53 | Crear | Villager (Male) |
| 24:07 | Crear | Villager (Male) |
| 24:18 | Construir | Farm |
| 24:20 | Construir | Farm |
| 24:22 | Crear | Villager (Male) |
| 24:27 | Construir | Farm |
| 24:28 | Crear | Villager (Male) |
| 24:30 | Crear | Villager (Male) |
| 24:33 | Crear | Villager (Male) |
| 24:35 | Construir | Farm |
| 24:37 | Crear | Villager (Male) |
| 24:47 | Investigar | Heavy Plow |
Cronología de la partida
| 2:08 | rakosnikk · wall_segment Palisade Wall x12 |
| 2:43 | 嘿,延边! · wall_segment Palisade Wall x16 |
| 3:34 | Gaody · wall_segment Palisade Wall x13 |
| 4:56 | Deathiscoming · wall_segment Palisade Wall x2 |
| 5:00 | Deathiscoming · wall_segment Palisade Wall x1 |
| 5:16 | ap-chappy · wall_segment Palisade Wall x8 |
| 6:15 | Deathiscoming · wall_segment Palisade Wall x4 |
| 6:30 | ap-chappy · wall_segment Palisade Wall x1 |
| 8:16 | Deathiscoming · first_building Barracks |
| 8:36 | Gaody · first_building Barracks |
| 8:58 | rakosnikk · first_building Barracks |
| 9:22 | koyomi · age_up feudal |
| 10:22 | ap-chappy · first_building Barracks |
| 10:38 | Deathiscoming · age_up feudal |
| 10:41 | Deathiscoming · first_building Stable |
| 11:01 | 嘿,延边! · age_up feudal |
| 11:07 | rakosnikk · age_up feudal |
| 11:12 | Gaody · age_up feudal |
| 11:28 | ap-chappy · age_up feudal |
| 11:35 | rakosnikk · first_building Archery Range |
| 11:41 | ap-chappy · first_building Stable |
| 12:23 | 嘿,延边! · wall_segment Stone Wall x1 |
| 12:24 | 嘿,延边! · wall_segment Stone Wall x1 |
| 13:03 | ap-chappy · wall_segment Palisade Wall x11 |
| 13:31 | Gaody · wall_segment Stone Wall x4 |
| 14:14 | Gaody · first_building Archery Range |
| 14:32 | koyomi · wall_segment Stone Wall x2 |
| 14:41 | 嘿,延边! · age_up castle |
| 15:59 | ap-chappy · age_up castle |
| 16:13 | 嘿,延边! · first_market_buy 100 wood |
| 17:07 | rakosnikk · age_up castle |
| 17:43 | koyomi · age_up castle |
| 17:54 | Gaody · age_up castle |
| 18:10 | rakosnikk · wall_segment Stone Wall x13 |
| 18:18 | 嘿,延边! · first_building Castle |
| 18:22 | 嘿,延边! · first_building Siege Workshop |
| 18:25 | koyomi · first_building Castle |
| 20:32 | Deathiscoming · first_building Archery Range |
| 21:28 | koyomi · first_market_buy 100 food |
| 21:33 | Deathiscoming · age_up castle |
| 23:11 | Deathiscoming · first_building Monastery |
| 24:24 | Deathiscoming · first_market_buy 100 food |
| 24:31 | Gaody · first_building Monastery |
| 24:41 | ap-chappy · first_building Archery Range |
| 25:02 | Deathiscoming · first_building Castle |
| 25:30 | 嘿,延边! · first_building Barracks |
| 26:28 | 嘿,延边! · first_building Monastery |
| 26:42 | Gaody · first_building Stable |
| 26:56 | 嘿,延边! · first_building Archery Range |
| 27:24 | Gaody · first_building Castle |
| 27:50 | 嘿,延边! · first_building Stable |
| 27:54 | koyomi · first_building Monastery |
| 28:00 | koyomi · first_building Barracks |
| 28:07 | Deathiscoming · first_market_sell 100 stone |
| 28:21 | ap-chappy · first_building Castle |
| 28:30 | rakosnikk · first_building Castle |
| 31:04 | koyomi · first_building Stable |
| 31:24 | 嘿,延边! · age_up imperial |
| 31:27 | Gaody · age_up imperial |
| 32:15 | rakosnikk · first_market_sell 500 wood |
| 32:59 | ap-chappy · first_building Siege Workshop |
| 33:02 | rakosnikk · age_up imperial |
| 34:43 | Gaody · first_building Siege Workshop |
| 35:02 | ap-chappy · age_up imperial |
| 35:22 | 嘿,延边! · first_market_sell 500 food |
| 37:13 | Deathiscoming · first_building Siege Workshop |
| 38:35 | Deathiscoming · age_up imperial |
| 40:49 | koyomi · first_building Siege Workshop |
| 41:30 | koyomi · age_up imperial |
| 43:55 | koyomi · wall_segment Stone Wall x3 |
| 44:18 | koyomi · wall_segment Stone Wall x3 |
| 44:20 | koyomi · wall_segment Stone Wall x3 |
| 45:52 | rakosnikk · first_building Siege Workshop |
| 46:12 | koyomi · wall_segment Stone Wall x6 |
| 47:03 | koyomi · wall_segment Stone Wall x2 |
| 47:52 | koyomi · wall_segment Stone Wall x3 |
| 50:26 | koyomi · wall_segment Stone Wall x2 |
| 54:08 | ap-chappy · first_market_sell 100 wood |
| 56:07 | rakosnikk · first_building Stable |
| 57:04 | rakosnikk · first_market_buy 100 food |
| 60:01 | Gaody · first_market_sell 500 wood |
| 60:02 | koyomi · first_building Archery Range |
| 61:03 | koyomi · wall_segment Stone Wall x1 |
| 62:36 | koyomi · wall_segment Stone Wall x3 |
| 64:49 | Deathiscoming · wall_segment Stone Wall x1 |
| 64:55 | Deathiscoming · wall_segment Stone Wall x2 |
| 68:42 | ap-chappy · wall_segment Stone Wall x6 |
| 69:02 | 嘿,延边! · wall_segment Stone Wall x7 |
| 70:49 | rakosnikk · tribute_sent a jugador 2 |
| 70:49 | rakosnikk · tribute_sent a jugador 3 |
| 70:49 | rakosnikk · tribute_sent a jugador 4 |
| 70:49 | rakosnikk · tribute_sent a jugador 5 |
| 70:49 | rakosnikk · tribute_sent a jugador 6 |
| 70:49 | ap-chappy · tribute_sent a jugador 1 |
| 70:49 | ap-chappy · tribute_sent a jugador 2 |
| 70:49 | ap-chappy · tribute_sent a jugador 3 |
| 70:49 | ap-chappy · tribute_sent a jugador 4 |
| 70:49 | ap-chappy · tribute_sent a jugador 6 |
| 74:46 | ap-chappy · resign |
[ ANÁLISIS IA · 1 CRÉDITO ]
¿Qué pasó realmente en esta partida?
Wolo.gg analiza cada decisión: build order, eco, micro, errores típicos por bracket. Análisis personalizado por WhatsApp o Discord en 30 segundos.
Guía civ
Indostaníes
Guía mapa
Glade
Perfil
ap-chappy